 Dungeon Crawl Stone Soup version 0.28.0-47-ge53b351184 (webtiles) character file.

Game seed: 7421891712191057209

1188 Svend the Ruffian (level 8, -2/62 HPs)
             Began as a Black Draconian Transmuter on Apr 26, 2022.
             Was a Follower of Qazlal.
             Slain by a centaur (6 damage)
             ... on level 5 of the Dungeon.
             The game lasted 00:32:12 (4313 turns).

Svend the Ruffian (Black Draconian Transmuter)      Turns: 4313, Time: 00:32:12

Health: -2/62      AC:  2    Str: 13    XL:     8   Next: 19%
Magic:  8/13       EV: 20    Int: 16    God:    Qazlal [*.....]
Gold:   29         SH:  6    Dex: 16    Spells: 5/14 levels left

rFire   x . .      SeeInvis .     - Unarmed
rCold   + . .      Faith    .   (shield currently unavailable)
rNeg    . . .      Spirit   .   (armour unavailable)
rPois   x          Reflect  +   (helmet currently unavailable)
rElec   .          Harm     .   (cloak currently unavailable)
rCorr   .          Rampage  .   (gloves currently unavailable)
Will    .....                   (boots currently unavailable)
Stlth   ++........              d - amulet of reflection
HPRegen 0.20/turn               i - ring of ice
MPRegen 0.13/turn               (no ring)

@: spider-form
A: venomous fangs, (breathe lightning), AC +6, tiny, unfitting armour,
(electricity resistance), (cold-blooded)
a: End Transformation, Renounce Religion


You were on level 5 of the Dungeon.
You worshipped Qazlal.
Qazlal was aware of your devotion.
You were a venomous arachnid creature.
You visited 2 branches of the dungeon, and saw 6 of its levels.

You collected 186 gold pieces.
You spent 154 gold pieces at shops.
You donated 3 gold pieces to Zin.

Inventory:

Hand Weapons
 b - a +2 trident of distortion (melded)
 g - a +0 long sword
Missiles
 h - 27 bolts
Jewellery
 d - an amulet of reflection (around neck)
 i - a ring of ice (left front leg)
 k - a ring of resist corrosion
Wands
 o - a wand of iceblast (9)
Scrolls
 c - 2 scrolls of magic mapping
 e - 2 scrolls of fog {unknown}
 f - 3 scrolls of immolation
 m - a scroll of holy word
 p - a scroll of amnesia {unknown}
Potions
 a - a potion of attraction {unknown}
 j - a potion of flight {unknown}
 n - a potion of magic {unknown}


   Skills:
 * Level 2.7 Fighting
 - Level 1.0(1.2) Short Blades
 - Level 0.9(1.1) Long Blades
 * Level 1.2 Polearms
 * Level 2.9(3.0) Slings
 * Level 1.1(2.1) Throwing
 * Level 3.0 Dodging
 * Level 2.4 Stealth
 + Level 0.9 Shields
 * Level 5.0 Unarmed Combat
 * Level 3.6 Spellcasting
 * Level 1.0 Hexes
 * Level 3.5 Transmutations
 * Level 1.1 Fire Magic
 * Level 1.9 Poison Magic
 * Level 1.6 Invocations
 * Level 0.2 Evocations


You had 5 spell levels left.
You knew the following spells:

 Your Spells              Type           Power      Damage    Failure   Level
a - Beastly Appendage     Tmut           28%        N/A       13%         1
b - Wereblood             Tmut           14%        N/A       17%         2
c - Spider Form           Tmut/Pois      11%        N/A       36%         3
d - Inner Flame           Hex/Fire       6%         N/A       56%         3

Your spell library contained the following spells:

 Spells                   Type           Power      Damage    Failure   Level
 Ice Form                 Ice/Tmut       12%        N/A       82%         4
 Cause Fear               Hex            3%         N/A       89%         4
 Discord                  Hex            3%         N/A       100%        8


Dungeon Overview and Level Annotations

Branches:
Dungeon (5/15)             Temple (1/1) D:4

Altars:
Cheibriados
Dithmenos
Elyvilon
Gozag
Hepliaklqana
Kikubaaqudgha
Makhleb
Nemelex Xobeh
Okawaru
Qazlal
Ru
Sif Muna
Uskayaw
Wu Jian
Xom
Yredelemnul
Zin
The Shining One

Shops:
D:4 *?[?


Innate Abilities, Weirdness & Mutations

You are a venomous arachnid creature.
You have poisonous fangs.
You are tiny and dextrous.
Your spellcasting is less reliable in this form.
Your armour is entirely melded.
You are incapable of wielding weapons or throwing items.
((You can breathe wild blasts of lightning.))
((Your glossy black scales are hard. (AC +6)))
You cannot fit into any form of body armour.
((You are resistant to electric shocks. (rElec)))
((You are cold-blooded and may be slowed by cold attacks.))


Message History

* * * LOW HITPOINT WARNING * * *
You hear a shout!
Things that are here:
a +0 club; an orc corpse
Aiming: Iceblast
Press: ? - help, Shift-Dir - straight line, f - orc priest
Aim: an orc priest, wielding a +0 hand axe and wearing a +0 chain mail The mass of ice explodes!
The iceblast engulfs the orc priest!
The orc priest is almost dead.
Aiming: Iceblast
Press: ? - help, Shift-Dir - straight line, f/p - orc priest
Aim: an orc priest, wielding a +0 hand axe and wearing a +0 chain mail (almost dead)
The mass of ice explodes!
The iceblast engulfs the orc priest!!
You kill the orc priest!
Qazlal accepts your kill.
Your Unarmed Combat skill increases to level 5!
You start resting.
A centaur comes into view.
Things that are here:
a +0 club; a +0 leather armour; an orc corpse
Casting: Beastly Appendage (safe; 4% risk of failure)
Confirm with . or Enter, or press ? or * to list all spells.
Your horns disappear.
Your talons disappear.
You turn into a venomous arachnid creature.
Your +2 trident of distortion melds into your body.
The centaur closely misses you. The centaur completely misses you.
You hit the centaur but do no damage. The centaur closely misses you.
The centaur kicks you.
* * * LOW HITPOINT WARNING * * *
You hit the centaur.
The centaur is poisoned.
The centaur is lightly wounded.
The centaur barely misses you. x2
You hit the centaur.
The centaur looks as sick as possible!
The centaur is heavily wounded.
The centaur closely misses you. You block the centaur's attack.
The centaur misses you. The centaur barely misses you.
You hit the centaur but do no damage.
The centaur is severely wounded.
The centaur hits you.
You die...

#..♣≈≈≈≈P≈
.......#......#..♣≈≈≈≈P≈
.......#......#..♣≈≈≈≈≈≈
.......#......#.≈♣♣P≈≈≈≈
......#......#.≈♣≈≈≈≈≈≈
#...........#.≈≈≈≈≈≈≈≈
..#...........#.P≈PP≈≈≈≈
......c.).....#.♣≈♣≈≈≈≈≈
#s))......♣P≈≈≈≈≈≈
#°......#.≈♣≈≈≈≈≈≈
#.........♣♣≈≈≈≈≈≈
########..≈♣P≈≈≈≈≈
#....##...♣≈≈≈≈≈≈
#....##.>.P♣≈ P≈≈
#....##...♣♣≈♣≈≈≈
#....##.)#≈♣≈≈≈♣≈
#....##....♣♣≈≈P≈


You could see a centaur (extremely poisoned).

Vanquished Creatures
  Sigmund (D:3)
  Menkaure (D:5)
  A water moccasin (D:4)
  An ogre (D:4)
  A centaur (D:5)
  Blork the orc (D:4)
  A scorpion (D:4)
  A water moccasin skeleton (D:5)
  4 orc priests
  Natasha (thrice) (D:2)
  2 iguanas (D:4)
  An orc wizard (D:3)
  2 hound skeletons (D:4)
  Robin (D:2)
  3 gnolls (D:4)
  3 adders
  An adder skeleton (D:5)
  2 worms
  3 dart slugs
  11 orcs
  5 endoplasms
  6 giant cockroaches
  14 goblins
  8 hobgoblins
  7 quokkas
  9 ball pythons
  6 bats
  5 kobolds
  2 rats
106 creatures vanquished.

Vanquished Creatures (others)
  2 fungi (D:3)
  11 plants
13 creatures vanquished.

Grand Total: 119 creatures vanquished

Notes
Turn   | Place    | Note
-------+----------+-------------------------------------------
     0 | D:1      | Svend the Draconian Transmuter began the quest for the Orb.
     0 | D:1      | Reached XP level 1. HP: 16/16 MP: 3/3
   224 | D:1      | Reached XP level 2. HP: 17/23 MP: 3/5
   231 | D:1      | Learned a level 2 spell: Wereblood
   552 | D:1      | Reached XP level 3. HP: 28/28 MP: 4/6
   556 | D:1      | Learned a level 3 spell: Spider Form
   851 | D:2      | You fall into a shaft and drop 2 floors!
   924 | D:4      | Found Roudieqe's Magic Scroll Boutique.
   925 | D:4      | Noticed an ogre
   929 | D:4      | Noticed Blork the orc
   942 | D:4      | Killed an ogre
   943 | D:4      | Reached skill level 1 in Short Blades
   943 | D:4      | Reached skill level 1 in Slings
   943 | D:4      | Reached skill level 1 in Stealth
   943 | D:4      | Reached XP level 4. HP: 35/35 MP: 3/7
  1008 | D:4      | Reached XP level 5. HP: 39/40 MP: 2/8
  1059 | D:4      | Bought a scroll of magic mapping for 38 gold pieces
  1059 | D:4      | Bought a scroll of magic mapping for 38 gold pieces
  1059 | D:4      | Bought a scroll of identify for 22 gold pieces
  1486 | D:3      | Found a white marble altar of Elyvilon.
  1566 | D:3      | Found a shimmering blue altar of Sif Muna.
  1824 | D:3      | Learned a level 3 spell: Inner Flame
  1824 | D:3      | Found a faded altar of an unknown god.
  1848 | D:3      | Prayed at the altar of an unknown god.
  1848 | D:3      | Became a worshipper of Zin the Law-Giver
  1848 | D:3      | Reached * piety under Zin
  1900 | D:3      | Fell from the grace of Zin
  1981 | D:3      | Noticed Sigmund
  2007 | D:3      | Killed Sigmund
  2008 | D:3      | Reached skill level 1 in Poison Magic
  2008 | D:3      | Reached XP level 6. HP: 9/48 MP: 5/10
  2587 | D:2      | Noticed Robin
  2602 | D:2      | Killed Robin
  3122 | D:2      | Noticed Natasha
  3127 | D:2      | Killed Natasha
  3280 | D:2      | Noticed Natasha
  3298 | D:2      | Killed Natasha
  3299 | D:2      | Reached skill level 4 in Unarmed Combat
  3456 | D:2      | Noticed Natasha
  3467 | D:2      | Killed Natasha
  3468 | D:2      | Your scales start taking on a glossy black colour.
  3468 | D:2      | Reached XP level 7. HP: 42/55 MP: 5/11
  3468 | D:2      | Gained mutation: You are resistant to electric shocks.
                  | (rElec) [Black Draconian growth]
  3575 | D:4      | Found Paebb's Magic Scroll Shop.
  3583 | D:4      | Bought 2 scrolls of identify for 56 gold pieces
  3627 | D:4      | Found a staircase to the Ecumenical Temple.
  3640 | Temple   | Entered the Ecumenical Temple
  3656 | Temple   | Became a worshipper of Qazlal Stormbringer
  3759 | D:4      | Killed Blork the orc
  3778 | D:4      | Found a hide-covered altar of Uskayaw.
  3832 | D:4      | Reached skill level 1 in Invocations
  3843 | D:4      | Identified the +2 robe of a Labyrinth {rPois rC- Int+7
                  | Slay+2}
  3911 | D:4      | Found Puirusag's Assorted Antiques.
  4101 | D:4      | Found Ilawib's Armour Shoppe.
  4150 | D:5      | Entered Level 5 of the Dungeon
  4250 | D:5      | Reached skill level 1 in Polearms
  4282 | D:5      | Reached XP level 8. HP: 46/62 MP: 9/13
  4287 | D:5      | Reached skill level 1 in Throwing
  4287 | D:5      | Reached skill level 1 in Fire Magic
  4288 | D:5      | Noticed Menkaure
  4291 | D:5      | Reached * piety under Qazlal
  4301 | D:5      | Killed Menkaure
  4302 | D:5      | Reached skill level 1 in Hexes
  4307 | D:5      | Reached skill level 5 in Unarmed Combat
  4313 | D:5      | Slain by a centaur

Illustrated notes

Levels and vault maps discovered:
D:1:      scummos_arrival_star, layout_loops_ring
D:2:      layout_basic, lemuel_old_faithful, uniq_robin, uniq_natasha
D:3:      layout_basic, mainiacjoe_overflow_swirl,
          dreamdust_ecumenical_altar_grove, uniq_sigmund
D:4:      layout_basic, lemuel_doored_altar, minmay_temple_entry_glassed_door,
          serial_shops, nicolae_diamond_shop, shop, shop, shop,
          nicolae_grassy_gnolls, uniq_blork_the_orc
D:5:      layout_basic, serial_bayou_lake_a, uniq_menkaure, uniq_ijyb
Temple:   eino_temple_water

Skill      XL: |  1  2  3  4  5  6  7  8 |
---------------+-------------------------+-----
Dodging        | 2 3 |  3.0
Short Blades   | 1 |  1.0
Slings         | 1 2 |  2.9
Stealth        | 1 2 |  2.4
Fighting       | 2 |  2.7
Spellcasting   | 3 |  3.6
Transmutations | 3 |  3.5
Poison Magic   | 1 |  1.9
Unarmed Combat | 4 5 |  5.0
Invocations    | 1 |  1.6
Polearms       | 1 |  1.2
Throwing       | 1 |  1.1
Fire Magic     | 1 |  1.1
Hexes          | 1 |  1.0
Long Blades    | |  0.9
Shields        | |  0.9
Evocations     | |  0.2

Action                   |  1- 3 |  4- 6 |  7- 9 || total
-------------------------+-------+-------+-------++-------
Melee: Unarmed           |    41 |    73 |    54 ||   168
       Kick              |    11 |     5 |     2 ||    18
       Tailslap          |     5 |     2 |     2 ||     9
       Headbutt          |     6 |     2 |     2 ||    10
       Punch             |     1 |       |     1 ||     2
       Dagger            |    13 |       |       ||    13
       Long sword        |       |    24 |       ||    24
       Trident           |       |     8 |    11 ||    19
 Fire: Hunting sling     |    38 |     4 |       ||    42
 Cast: Beastly Appendage |    16 |    10 |     4 ||    30
       Wereblood         |     1 |     1 |       ||     2
       Spider Form       |     3 |    25 |    11 ||    39
Invok: Renounce Religion |       |     1 |       ||     1
 Abil: Breathe Lightning |       |       |     5 ||     5
Evoke: Wand              |       |       |     2 ||     2
  Use: Scroll            |     4 |     1 |     2 ||     7
       Potion            |       |     3 |     2 ||     5
 Stab: Sleeping          |     1 |     1 |     1 ||     3
Armor: Skin              |    17 |    25 |     6 ||    48
Dodge: Dodged            |    38 |    91 |    73 ||   202
Block: Other             |       |    30 |    25 ||    55
       Reflection        |       |       |     1 ||     1
